 Dungeon Crawl Stone Soup version 0.21.1-1-g345015f (console) character file.

8 toffzen the Insei (level 2, 0/14 HPs)
             Began as a Vine Stalker Transmuter on May 25, 2018.
             Slain by a gnoll
             ... wielding a +0 whip
              (7 damage)
             ... on level 1 of the Dungeon.
             The game lasted 00:01:25 (151 turns).

toffzen the Insei (Vine Stalker Transmuter)          Turns: 151, Time: 00:01:26

Health: 0/14       AC:  2    Str: 12    XL:     2   Next: 8%
Magic:  0/6        EV: 12    Int: 13    God:
Gold:   25         SH:  0    Dex: 14    Spells: 4/5 levels left

rFire    . . .     SeeInvis .     - Unarmed
rCold    . . .     Gourm    .   (no shield)
rNeg     . . .     Faith    .   b - +0 robe
rPois    .         Spirit   +   (no helmet)
rElec    .         Reflect  .   (no cloak)
rCorr    .         Harm     .   (no gloves)
MR       .....                  (no boots)
Stlth    +.........             (no amulet)
HPRegen  0.04/turn              (no ring)
MPRegen  0.10/turn              (no ring)

@: very slightly contaminated
A: fangs 2, magic shield, antimagic bite, no potion heal 3, rot immunity
a: no special abilities


You were on level 1 of the Dungeon.
You were not hungry.

You visited 1 branch of the dungeon, and saw 1 of its levels.

You collected 25 gold pieces.

Inventory:

Missiles
 a - 33 arrows
Armour
 b - a +0 robe (worn)
Scrolls
 f - a scroll of identify {unknown}
 i - a scroll of amnesia {unknown}
 j - a scroll of blinking {unknown}
Potions
 e - a potion of haste {unknown}
 h - a potion of flight {unknown}
Books
 c - a book of Changes

   Spells                             Type                      Level
   a - Beastly Appendage              Transmutation                1
   b - Sticks to Snakes               Transmutation                2
   c - Spider Form                    Transmutation/Poison         3
   d - Ice Form                       Ice/Transmutation            4
   e - Blade Hands                    Transmutation                5
Comestibles
 d - a ration
 g - 7 chunks of flesh


   Skills:
 + Level 1.2 Fighting
 - Level 1.5 Dodging
 * Level 3.4 Unarmed Combat
 - Level 2.1 Spellcasting
 - Level 2.0 Transmutations


You had 4 spell levels left.
You knew the following spells:

 Your Spells              Type           Power        Failure   Level  Hunger
a - Beastly Appendage     Tmut           #.....       11%         1    ##.....


Dungeon Overview and Level Annotations

Branches:
Dungeon (1/15)

Altars:


Innate Abilities, Weirdness & Mutations

You have extremely sharp teeth.
When hurt, damage is shared between your health and your magic reserves.
Your bite disrupts and absorbs the magic of your enemies.
Potions cannot restore your health.
You are immune to rotting.


Message History

The gnoll misses you.
Casting: Beastly Appendage
Confirm with . or Enter, or press ? or * to list all spells.
You miscast Beastly Appendage.
You are very lightly contaminated with residual magic.
You smell something strange.
The gnoll hits you with a whip.
You hit the gnoll. You bite the gnoll, but do no damage.
The gnoll is moderately wounded.
The gnoll hits you with a whip.
You hit the gnoll.
The gnoll is heavily wounded.
The gnoll hits you but does no damage.
You closely miss the gnoll. You bite the gnoll, but do no damage.
The gnoll is moderately wounded.
You hit the gnoll. You bite the gnoll. You drain its power.
You feel invigorated.
The gnoll is severely wounded.
The gnoll hits you with a whip!
Ouch! That really hurt!
You die...

.K... ### .!.... ... ##....#
#####.# .......####.....#
#.....((.....#
..............#####.
...#..g..........>.?
.....#######g#######
#####.....@.รท.)...#####
###.......#######.......###
##......###.......###......##
#....###.............###....#
##...#......#######......#...##
#...#.....### ###.....#...#
#...#....## ##....#...#
#...#^...## ##....#...#
#...#.....### ###..<..#...#


You could see a gnoll.

Vanquished Creatures
  A dart slug (D:1)
  A ball python (D:1)
  A kobold (D:1)
  2 bats (D:1)
  A frilled lizard (D:1)
  A rat (D:1)
7 creatures vanquished.

Notes
Turn   | Place    | Note
-------+----------+-------------------------------------------
     0 | D:1      | toffzen the Vine Stalker Transmuter began the quest for the Orb.
     0 | D:1      | Reached XP level 1. HP: 9/9 MP: 4/4
    55 | D:1      | Reached skill level 1 in Fighting
   132 | D:1      | Reached XP level 2. HP: 14/14 MP: 3/6
   151 | D:1      | Slain by a gnoll

Skill      XL: |  1 |
---------------+----+-----
Fighting       | 1 |  1.2
Dodging        | |  1.5
Unarmed Combat | |  3.4
Spellcasting   | |  2.1
Transmutations | |  2.0

Action                   || total
-------------------------++-------
Melee: Unarmed           ||    24
       Bite              ||    10
       Kick              ||     3
 Cast: Beastly Appendage ||     3
Armor: Robe              ||     7
Dodge: Dodged            ||    25
